 Dungeon Crawl Stone Soup version 0.29.1-2-gbd0b4ee654 (webtiles) character file.

Game seed: 3584120824056619564

48 DildoBatman the Conjurer (level 4, -2/30 HPs)
             Began as a Formicid Conjurer on Nov 15, 2022.
             Slain by a ball python (3 damage)
             ... on level 3 of the Dungeon.
             The game lasted 00:03:04 (1038 turns).

DildoBatman the Conjurer (Formicid Conjurer)        Turns: 1038, Time: 00:03:05

Health: -2/30      AC:  4    Str: 12    XL:     4   Next: 0%
Magic:  7/7        EV:  9    Int: 17    God:
Gold:   80         SH:  0    Dex: 14    Spells: 4/7 levels left

rFire   . . .      SeeInvis +   a - +0 sling
rCold   . . .      Faith    .   (no shield)
rNeg    . . .      Spirit   .   c - +0 robe
rPois   .          Reflect  .   (helmet unavailable)
rElec   .          Harm     .   o - +0 cloak
rCorr   .          Rampage  .   i - +0 pair of gloves
Will    .....                   (no boots)
Stlth   ++........              (no amulet)
HPRegen 0.10/turn               (no ring)
MPRegen 0.10/turn               (no ring)

@: constricted
A: permanent stasis, dig shafts and tunnels, antennae 3, four strong arms
a: Dig, Shaft Self


You were on level 3 of the Dungeon.
You visited 1 branch of the dungeon, and saw 3 of its levels.

You collected 80 gold pieces.

Inventory:

Hand Weapons
 a - a +0 sling (weapon)
 b - a +0 lajatang
Missiles
 j - 5 stones
Armour
 c - a +0 robe (worn)
 i - a +0 pair of gloves (worn)
 o - a +0 cloak (worn)
Scrolls
 e - 3 scrolls of noise {unknown}
 g - a scroll of immolation {unknown}
 l - a scroll of identify {unknown}
 m - a scroll of vulnerability {unknown}
Potions
 d - a potion of magic
 f - a potion of cancellation {unknown}
 h - 4 potions of curing {unknown}
 k - a potion of haste {unknown}
 n - a potion of brilliance {unknown}


   Skills:
 - Level 1.0 Ranged Weapons
 - Level 1.7 Dodging
 - Level 2.4 Stealth
 - Level 2.1 Spellcasting
 * Level 4.7 Conjurations


You had 4 spell levels left.
You knew the following spells:

 Your Spells              Type           Power      Damage    Failure   Level
a - Searing Ray           Conj           34%        2d5       4%          2
c - Magic Dart            Conj           68%        1d6       2%          1

Your spell library contained the following spells:

 Spells                   Type           Power      Damage    Failure   Level
 Dazzling Flash           Conj/Hex       18%        N/A       22%         3
 Ozocubu's Armour         Ice            1%         N/A       50%         3
 Fulminant Prism          Conj/Hex       4%         3d6       58%         4
 Iskenderun's Mystic Bla  Conj/Tloc      9%         2d4       58%         4
 Ozocubu's Refrigeration  Ice            0%         4d7       100%        7


Dungeon Overview and Level Annotations

Branches:
Dungeon (2/15)

Altars:


Innate Abilities, Weirdness & Mutations

You cannot be hasted, slowed, berserked, paralysed or teleported.
You can dig through walls and to a lower floor.
You have a pair of large antennae on your head. (SInv)
Your four strong arms can wield two-handed weapons with a shield.


Message History

The ball python bites you. The ball python constricts you.
What are your orders? t - Shout!
Orders for allies: a - Attack new target. r - Retreat! s - Stop attacking. g - Guard the area. f - Follow me.
Anything else - Cancel.
You shout for attention!
The ball python misses you. The ball python constricts you.
What are your orders? t - Shout!
Orders for allies: a - Attack new target. r - Retreat! s - Stop attacking. g - Guard the area. f - Follow me.
Anything else - Cancel.
You shout for attention!
The ball python bites you but does no damage.
The ball python constricts you. What are your orders? t - Shout!
Orders for allies: a - Attack new target. r - Retreat! s - Stop attacking. g - Guard the area. f - Follow me.
Anything else - Cancel.
You shout for attention!
The ball python bites you but does no damage.
The ball python constricts you. What are your orders? t - Shout!
Orders for allies: a - Attack new target. r - Retreat! s - Stop attacking. g - Guard the area. f - Follow me.
Anything else - Cancel.
You shout for attention!
The ball python closely misses you. The ball python constricts you.
The ball python bites you.
You die...

.....
#...#
#...#
#...#
#...####
#......
#S..#
#@..#
#...#
##.## .#
.# .# .^
.#


You could see a ball python.

Vanquished Creatures
  An adder (D:2)
  4 dart slugs
  3 endoplasms (D:1)
  2 giant cockroaches
  6 goblins
  A hobgoblin (D:1)
  2 kobolds (D:2)
  4 ball pythons
  4 bats
  2 frilled lizards (D:2)
  2 rats
31 creatures vanquished.

Notes
Turn   | Place    | Note
-------+----------+-------------------------------------------
     0 | D:1      | DildoBatman the Formicid Conjurer began the quest for the
                  | Orb.
     0 | D:1      | Reached XP level 1. HP: 13/13 MP: 3/3
   124 | D:1      | Reached skill level 4 in Conjurations
   124 | D:1      | Reached XP level 2. HP: 16/19 MP: 1/5
   127 | D:1      | Learned a level 2 spell: Searing Ray
   242 | D:1      | Found a faded altar of an unknown god.
   395 | D:1      | Reached XP level 3. HP: 24/24 MP: 2/6
   873 | D:2      | Reached skill level 1 in Ranged Weapons
   981 | D:2      | Reached XP level 4. HP: 30/30 MP: 4/7
   983 | D:2      | You fall into a shaft and drop 1 floor!
  1037 | D:3      | HP: 1/30 [constriction (1)]
  1038 | D:3      | Slain by a ball python

Illustrated notes

Levels and vault maps discovered:
D:1:      heliophobic_arrival_glass_houses, layout_basic,
          basic_ecumenical_altar, wad_floor_pattern_untrapped,
          chequers_serial_rivers_room_b, minmay_cupped
D:2:      layout_loops_cross, st_stairs_3, minmay_hexomino_u4
D:3:      layout_basic, mainiacjoe_overflow_catwalk,
          minmay_misc_feat_nine_boxes, uniq_grinder

Skill      XL: |  1  2  3 |
---------------+----------+-----
Conjurations   | 4 |  4.7
Ranged Weapons | 1 |  1.0
Dodging        | |  1.7
Stealth        | |  2.4
Spellcasting   | |  2.1

Action                   |  1- 3 |  4- 6 || total
-------------------------+-------+-------++-------
 Fire: Sling             |    60 |       ||    60
 Cast: Magic Dart        |    18 |       ||    18
       Searing Ray       |     4 |       ||     4
 Abil: Shaft Self        |       |     1 ||     1
Armor: Robe              |    11 |    21 ||    32
Dodge: Dodged            |    18 |    26 ||    44
